AoeStats
← PaNcHiTo

Arena

504108272Analyzed
2v2 RM · 27d ago on Sep 3, 2026· 23m 5s· 4 players
Game mode
Random Map
Map size
Medium (4 player)
Population
200
Speed
Normal
Resources
Standard
Victory
Conquest
Starting age
Dark Age
Ending age
Imperial Age
RankedLock teamsTeams togetherTeam positionsShared explorationLock speedFull tech treeHidden civsTurbo modeCheats
Victory
Defeat
🇦🇷 Cumans · Argentina
989
+15
🇦🇷 Goths · Argentina
989
+15
🇦🇷 Franks · Argentina
976
-15
🇦🇷 Chinese · Argentina
976
-15
el paisa
11:48 Feudal Age
16:01 Castle Age
15:35 Double-Bit Axe
15:51 Stone Mining
PaNcHiTo
0:26 Loom
13:12 Feudal Age
17:05 Castle Age
15:21 Double-Bit Axe
16:21 Arson
Cuakiecosa
7:17 Loom
7:30 Loom
10:46 Feudal Age
12:41 Man-at-Arms
17:15 Scale Mail Armor
17:32 Forging
19:43 Double-Bit Axe
jefe gorgojo
6:31 Loom
9:43 Feudal Age
11:55 Double-Bit Axe
19:33 Horse Collar
20:41 Town Watch
24:24 Castle Age
22:24 Gold Mining
Connection lost

Rejoining the realm…

Still unreachable

The connection could not be restored.

Session expired

The server has moved on; the page needs a fresh start.